 Dungeon Crawl Stone Soup version 0.26.1-10-gdfb7c7de75 (webtiles) character file.

Game seed: 3879447532451629976

4332 Almogavar the Protected (level 10, -4/79 HPs)
             Began as a Gnoll Wanderer on Apr 6, 2021.
             Was a Believer of the Shining One.
             Splashed by Erica's acid (13 damage)
             ... on level 8 of the Dungeon.
             The game lasted 00:24:12 (6896 turns).

Almogavar the Protected (Gnoll Wanderer)            Turns: 6896, Time: 00:24:13

Health: -4/79      AC:  9    Str: 16    XL:     10   Next: 33%
Magic:  17/17      EV: 14    Int: 15    God:    the Shining One [**....]
Gold:   603        SH:  0    Dex: 16    Spells: 19/19 levels left

rFire    + . .     SeeInvis .   x - +1 trident (protect)
rCold    . . .     Faith    .   (no shield)
rNeg     + . .     Spirit   .   q - +4 ring mail {rF+}
rPois    .         Reflect  .   n - +0 helmet
rElec    .         Harm     .   (no cloak)
rCorr    .         Rampage  .   w - +0 pair of gloves
Will     +....                  B - +2 pair of boots
Stlth    ++........             e - amulet of regeneration
HPRegen  0.63/turn              j - ring of willpower
MPRegen  0.15/turn              h - ring of stealth

@: corroded, glowing
A: distributed training, fangs 1, strong nose
a: Renounce Religion, Divine Shield


You were on level 8 of the Dungeon.
You worshipped the Shining One.
The Shining One was pleased with you.
You visited 2 branches of the dungeon, and saw 9 of its levels.

You collected 603 gold pieces.

Inventory:

Hand Weapons
 a - a +2 shortbow
 d - a +1 vorpal flail
 x - a +1 trident of protection (weapon)
Missiles
 b - 97 arrows
Armour
 i - a +0 chain mail
 n - a +0 helmet (worn)
 q - a +4 ring mail of fire resistance (worn)
 s - a +0 buckler
 w - a +0 pair of gloves (worn)
 B - a +2 pair of boots (worn)
Jewellery
 e - an amulet of regeneration (around neck)
 h - a ring of stealth (right hand)
 j - a ring of willpower (left hand)
Wands
 p - a wand of enslavement (4)
 F - a wand of iceblast (11)
Scrolls
 c - 5 scrolls of teleportation
 f - 4 scrolls of blinking
 l - a scroll of silence {unknown}
 r - 2 scrolls of enchant weapon
 t - 2 scrolls of fog
 u - a scroll of remove curse
 v - a scroll of random uselessness {unknown}
 y - a scroll of magic mapping {unknown}
 z - 2 scrolls of amnesia
 C - a scroll of fear
Potions
 g - a potion of flight
 k - 3 potions of curing
 m - 2 potions of brilliance
 o - a potion of haste
 A - 2 potions of heal wounds {unknown}
 D - 2 potions of cancellation {unknown}
 E - a potion of magic {unknown}
 G - a potion of berserk rage {unknown}


   Skills:
 + Level 7.0 Fighting
 + Level 5.2 Short Blades
 + Level 5.2 Long Blades
 + Level 5.2 Axes
 + Level 5.2 Maces & Flails
 + Level 5.2 Polearms
 + Level 5.2 Staves
 + Level 5.2 Slings
 + Level 8.4 Bows
 + Level 5.2 Crossbows
 + Level 5.8 Throwing
 + Level 8.4 Armour
 + Level 5.2 Dodging
 + Level 5.7 Stealth
 + Level 5.2 Shields
 + Level 5.2 Unarmed Combat
 + Level 5.2 Spellcasting
 + Level 4.2 Conjurations
 + Level 4.2 Hexes
 + Level 4.2 Summonings
 + Level 4.2 Necromancy
 + Level 4.2 Translocations
 + Level 4.2 Transmutations
 + Level 4.2 Fire Magic
 + Level 4.2 Ice Magic
 + Level 4.2 Air Magic
 + Level 4.2 Earth Magic
 + Level 4.2 Poison Magic
 + Level 5.7 Invocations
 + Level 5.2 Evocations


You had 19 spell levels left.
You didn't know any spells.
Your spell library was empty.

Dungeon Overview and Level Annotations

Branches:
Dungeon (8/15)             Temple (1/1) D:4
   Lair: D:8-11

Altars:
Ashenzari
Cheibriados
Dithmenos
Elyvilon
Fedhas
Gozag
Hepliaklqana
Kikubaaqudgha
Makhleb
Nemelex Xobeh
Qazlal
Ru
Sif Muna
Trog
Uskayaw
Vehumet
Wu Jian
Xom
Yredelemnul
Zin
The Shining One

Shops:
D:5 :

Annotations:
D:8 Erica


Innate Abilities, Weirdness & Mutations

Your experience applies equally to all skills.
You have very sharp teeth.
Your uncanny sense of smell can sniff out nearby items.


Message History

Erica says, "Fast and perfect.
Such is my way of killing."
Erica zaps a wand.
The bolt of acid hits you! The acid corrodes you!
You are splashed with acid!
You are too injured to fight recklessly!
You are too injured to fight recklessly!
You are too injured to fight recklessly!
You are too injured to fight recklessly!
You are too injured to fight recklessly!
Your +1 trident of protection hums with potential!
x - a +1 trident of protection (weapon)
Erica screams, "Do you want it fast or slow?!"
Erica hits you with a +4 scimitar of flaming!
Erica burns you.
You feel better.
You closely miss Erica. You punch Erica.
Erica is heavily wounded.
Erica zaps a wand.
The bolt of acid hits you!!
* * * LOW HITPOINT WARNING * * *
You are splashed with acid!
You die...

#########.....# #......
##......#.....# #...!..
##......#.....#############......
'.......######........!..........
#............#...................
#............#.............######
#............#.............'.....
##...........#.............#.....
##......##...#..@..#########.....
##......##...##@####......#######
##......##.....(...#......##.....
...................#.............
..................##......##.....
........##.(.#######..(...##.....
##......####'##...##......##.....
##.....................<..##.....
...........................#.....


You could see Erica.

Vanquished Creatures
  Harold (D:8)
  A two-headed ogre (D:8)
  Joseph (D:7)
  Prince Ribbit (D:5)
  The ghost of hallab the Chopper, an amateur DrGl of Dithmenos (D:4)
  3 orc warriors
  2 ice beasts
  A sky beast (D:8)
  6 ogres
  3 centaurs
  A big kobold (D:7)
  A bullfrog (D:6)
  A quasit (D:7)
  2 hounds
  2 bullfrog zombies
  4 orc priests
  An orc wizard (D:1)
  A jelly (D:3)
  2 centaur skeletons (D:4)
  2 iguanas
  5 worker ants
  A hound zombie (D:6)
  A hound skeleton (D:6)
  7 adders
  A gnoll (D:3)
  A shadow imp (D:5)
  A white imp (D:8)
  An ufetubus (D:6)
  An ooze (D:3)
  An adder zombie (D:6)
  2 adder skeletons
  7 worms
  3 dart slugs
  7 leopard geckos
  25 orcs
  5 ball pythons
  11 giant cockroaches
  17 goblins
  9 hobgoblins
  3 jackals (D:8)
  5 quokkas
  3 bats (D:1)
  8 frilled lizards
  2 jackal skeletons
  10 kobolds
  A leopard gecko zombie (D:7)
  10 rats
185 creatures vanquished.

Vanquished Creatures (others)
  A fungus (D:5)
  A plant (D:4)
2 creatures vanquished.

Grand Total: 187 creatures vanquished

Notes
Turn   | Place    | Note
-------+----------+-------------------------------------------
     0 | D:1      | Almogavar the Gnoll Wanderer began the quest for the Orb.
     0 | D:1      | Almogavar set off with the following items: a +2 shortbow,
                  | 29 arrows, a scroll of teleportation, a +0 ring mail
     0 | D:1      | Reached XP level 1. HP: 20/20 MP: 1/1
   172 | D:1      | Reached XP level 2. HP: 26/26 MP: 2/2
   425 | D:1      | Reached XP level 3. HP: 31/31 MP: 3/3
   801 | D:2      | Reached skill level 1 in Invocations
   944 | D:2      | Reached skill level 1 in Short Blades
   944 | D:2      | Reached skill level 1 in Long Blades
   944 | D:2      | Reached skill level 1 in Axes
   944 | D:2      | Reached skill level 1 in Maces & Flails
   944 | D:2      | Reached skill level 1 in Polearms
   944 | D:2      | Reached skill level 1 in Staves
   944 | D:2      | Reached skill level 1 in Slings
   944 | D:2      | Reached skill level 1 in Crossbows
   944 | D:2      | Reached skill level 1 in Dodging
   944 | D:2      | Reached skill level 1 in Shields
   944 | D:2      | Reached skill level 1 in Unarmed Combat
   944 | D:2      | Reached skill level 1 in Spellcasting
   944 | D:2      | Reached skill level 1 in Evocations
  1046 | D:2      | Reached XP level 4. HP: 38/38 MP: 5/5
  1055 | D:2      | Noticed an orc warrior
  1089 | D:1      | Reached skill level 1 in Conjurations
  1089 | D:1      | Reached skill level 1 in Hexes
  1089 | D:1      | Reached skill level 1 in Summonings
  1089 | D:1      | Reached skill level 1 in Necromancy
  1089 | D:1      | Reached skill level 1 in Translocations
  1089 | D:1      | Reached skill level 1 in Transmutations
  1089 | D:1      | Reached skill level 1 in Fire Magic
  1089 | D:1      | Reached skill level 1 in Ice Magic
  1089 | D:1      | Reached skill level 1 in Air Magic
  1089 | D:1      | Reached skill level 1 in Earth Magic
  1089 | D:1      | Reached skill level 1 in Poison Magic
  1241 | D:2      | Reached XP level 5. HP: 42/43 MP: 6/6
  1524 | D:2      | Killed an orc warrior
  1525 | D:2      | Reached XP level 6. HP: 36/50 MP: 8/8
  1737 | D:2      | Found a shimmering blue altar of Sif Muna.
  1742 | D:2      | Found a white marble altar of Elyvilon.
  1743 | D:2      | Found a sparkling altar of Nemelex Xobeh.
  1743 | D:2      | Found an ornate altar of the Wu Jian Council.
  1746 | D:2      | Found a hide-covered altar of Uskayaw.
  1747 | D:2      | Found a shimmering altar of Xom.
  1749 | D:2      | Found a radiant altar of Vehumet.
  1883 | D:3      | Reached skill level 5 in Fighting
  2658 | D:3      | Reached XP level 7. HP: 56/56 MP: 10/10
  2907 | D:4      | Found a staircase to the Ecumenical Temple.
  2916 | Temple   | Entered the Ecumenical Temple
  3086 | Temple   | Became a worshipper of the Shining One
  3365 | D:4      | Found a blossoming altar of Fedhas.
  3372 | D:4      | Found a runed translucent door.
  3375 | D:4      | Found a stormy altar of Qazlal.
  3377 | D:4      | Noticed hallab's ghost (amateur DrGl)
  3597 | D:4      | Killed hallab's ghost
  3638 | D:5      | Entered Level 5 of the Dungeon
  3658 | D:5      | Reached XP level 8. HP: 63/63 MP: 12/12
  3777 | D:5      | Noticed Prince Ribbit
  3800 | D:5      | Killed Prince Ribbit
  3948 | D:5      | Found Gasis's Book Shop.
  4583 | D:6      | Reached * piety under the Shining One
  4751 | D:6      | Reached XP level 9. HP: 69/69 MP: 14/14
  5152 | D:6      | Got a crude dagger
  5153 | D:6      | Identified the +7 dagger of the Warrior {drain, rC+ Will+
                  | Int-4} (You found it on level 6 of the Dungeon)
  5379 | D:7      | Noticed Joseph
  5532 | D:7      | Killed Joseph
  5533 | D:7      | Reached skill level 5 in Throwing
  5533 | D:7      | Reached skill level 5 in Stealth
  5788 | D:7      | Reached ** piety under the Shining One
  6043 | D:7      | Reached skill level 5 in Invocations
  6277 | D:8      | Noticed Harold
  6298 | D:8      | Killed Harold
  6299 | D:8      | Reached XP level 10. HP: 63/77 MP: 15/17
  6350 | D:8      | Found a sacrificial altar of Ru.
  6399 | D:8      | Noticed a two-headed ogre
  6403 | D:8      | Noticed Erica
  6657 | D:8      | Killed a two-headed ogre
  6658 | D:8      | Reached skill level 5 in Short Blades
  6658 | D:8      | Reached skill level 5 in Long Blades
  6658 | D:8      | Reached skill level 5 in Axes
  6658 | D:8      | Reached skill level 5 in Maces & Flails
  6658 | D:8      | Reached skill level 5 in Polearms
  6658 | D:8      | Reached skill level 5 in Staves
  6658 | D:8      | Reached skill level 5 in Slings
  6658 | D:8      | Reached skill level 5 in Crossbows
  6658 | D:8      | Reached skill level 5 in Dodging
  6658 | D:8      | Reached skill level 5 in Shields
  6658 | D:8      | Reached skill level 5 in Unarmed Combat
  6658 | D:8      | Reached skill level 5 in Spellcasting
  6658 | D:8      | Reached skill level 5 in Evocations
  6896 | D:8      | Splashed by Erica's acid

Illustrated notes

Levels and vault maps discovered:
D:1:      nicolae_arrival_somewhat_less_tricky_arrival, layout_basic
D:2:      kennysheep_the_goblin_king, layout_rooms, minitemple,
          guppyfry_early_orc_mine
D:3:      minmay_razor_zed, layout_rooms, serial_rivers,
          chequers_serial_rivers_micro_e, chequers_serial_rivers_small_3,
          chequers_serial_rivers_micro_c, chequers_serial_rivers_small_a,
          minmay_quadrilaterals
D:4:      layout_cave_pools, grunt_temple_overflow_forces_of_nature,
          minmay_temple_entry_statues_pillars, ebering_ghost_sewer_d,
          kennysheep_diamond, kennysheep_generic_room_14
D:5:      layout_rooms, serial_shops, shop, serial_aquarium,
          aquarium_bridge_square [aquarium_subvault_bridge,
          aquarium_subvault_bridge, aquarium_subvault_bridge,
          aquarium_subvault_wall], aquarium_window_1, aquarium_window_fake,
          aquarium_window_fake, aquarium_window_corridor_2, aquarium_view_2c,
          aquarium_view_2f, aquarium_balcony_3b, aquarium_pool_five,
          uniq_prince_ribbit1
D:6:      layout_gridville
D:7:      layout_rooms, minmay_crystal_room, uniq_joseph
D:8:      layout_gridville, kennysheep_mini_moat,
          nicolae_ru_sacrificial_ziggurat, uniq_erica, uniq_harold
Temple:   hc_temple_tempest_star

Skill      XL: |  1  2  3  4  5  6  7  8  9 10 |
---------------+-------------------------------+-----
Invocations    | 1 2 3 4 5 |  5.7
Short Blades   | 1 2 3 4 5 |  5.2
Long Blades    | 1 2 3 4 5 |  5.2
Axes           | 1 2 3 4 5 |  5.2
Maces & Flails | 1 2 3 4 5 |  5.2
Polearms       | 1 2 3 4 5 |  5.2
Staves         | 1 2 3 4 5 |  5.2
Slings         | 1 2 3 4 5 |  5.2
Crossbows      | 1 2 3 4 5 |  5.2
Dodging        | 1 2 3 4 5 |  5.2
Shields        | 1 2 3 4 5 |  5.2
Unarmed Combat | 1 2 3 4 5 |  5.2
Spellcasting   | 1 2 3 4 5 |  5.2
Evocations     | 1 2 3 4 5 |  5.2
Conjurations   | 1 2 3 4 |  4.2
Hexes          | 1 2 3 4 |  4.2
Summonings     | 1 2 3 4 |  4.2
Necromancy     | 1 2 3 4 |  4.2
Translocations | 1 2 3 4 |  4.2
Transmutations | 1 2 3 4 |  4.2
Fire Magic     | 1 2 3 4 |  4.2
Ice Magic      | 1 2 3 4 |  4.2
Air Magic      | 1 2 3 4 |  4.2
Earth Magic    | 1 2 3 4 |  4.2
Poison Magic   | 1 2 3 4 |  4.2
Throwing       | 3 4 5 |  5.8
Fighting       | 5 6 7 |  7.0
Stealth        | 3 4 5 |  5.7
Bows           | 7 8 |  8.4
Armour         | 7 8 |  8.4

Action                   |  1- 3 |  4- 6 |  7- 9 | 10-12 || total
-------------------------+-------+-------+-------+-------++-------
Melee: Flail             |       |     6 |     5 |       ||    11
       Trident           |       |       |    40 |     1 ||    41
       Bite              |       |       |    10 |       ||    10
       Punch             |       |       |     1 |     1 ||     2
 Fire: Shortbow          |    89 |   208 |   365 |    48 ||   710
  Use: Scroll            |       |       |    14 |       ||    14
       Potion            |       |       |       |     1 ||     1
Armor: Ring mail         |    17 |    14 |    75 |     4 ||   110
Dodge: Dodged            |    21 |    46 |    89 |     6 ||   162
